 Dungeon Crawl Stone Soup version 0.30.1-11-g7821555f0a (webtiles) character file.

Game seed: 14283525523458334938

231 Okkudo the Chopper (level 6, -1/52 HPs)
             Began as a Hill Orc Monk on Dec 11, 2023.
             Slain by an orc warrior
             ... wielding a +0 glaive
              (15 damage)
             ... on level 4 of the Dungeon.
             The game lasted 00:08:32 (2699 turns).

Okkudo the Chopper (Hill Orc Monk)                  Turns: 2699, Time: 00:08:33

Health: -1/52      AC:  6    Str: 16    XL:     6   Next: 4%
Magic:  6/6        EV: 10    Int: 10    God:
Gold:   179        SH:  0    Dex: 13    Spells: 3/5 levels left

rFire   . . .        a - +0 hand axe
rCold   . . .        d - orb {light}
rNeg    . . .        m - +0 scale mail
rPois   .            (no helmet)
rElec   .            (no cloak)
rCorr   .            (no gloves)
SInv    .            (no boots)
Will    .....        (no amulet) Stlth
                     (no ring)
HPRegen 0.28/turn    (no ring)
MPRegen 0.10/turn

%: no passive effects
@: confused, ambrosia-drunk, glowing
A: no striking features
a: no special abilities


You were on level 4 of the Dungeon.
You visited 1 branch of the dungeon, and saw 4 of its levels.

You collected 179 gold pieces.

Inventory:

Hand Weapons
 a - a +0 hand axe (weapon)
 s - a +0 trident
Missiles
 i - 14 poisoned darts (quivered)
Armour
 d - an orb of light (worn)
 m - a +0 scale mail (worn)
 t - a +0 kite shield
Scrolls
 g - a scroll of enchant armour {unknown}
 j - a scroll of torment {unknown}
 k - a scroll of teleportation {unknown}
 p - 2 scrolls of identify {unknown}
 q - a scroll of fog {unknown}
 r - a scroll of vulnerability {unknown}
 v - a scroll of amnesia {unknown}
Potions
 b - a potion of cancellation {unknown}
 c - 2 potions of ambrosia
 e - a potion of heal wounds {unknown}
 f - a potion of curing {unknown}
 h - 3 potions of flight {unknown}
 l - a potion of berserk rage {unknown}
 n - a potion of invisibility {unknown}
 o - 2 potions of mutation {unknown}
 u - 3 potions of brilliance {unknown}
 w - a potion of haste


   Skills:
 - Level 4.0 Fighting
 * Level 7.7 Axes
 - Level 2.6 Dodging
 + Level 1.7 Shields


You had 3 spell levels left.
You knew the following spells:

 Your Spells              Type           Power      Damage    Failure   Level
a - Blink                 Tloc           0%         N/A       91%         2

Your spell library contained the following spells:

 Spells                   Type           Power      Damage    Failure   Level
 Magic Dart               Conj           0%         1d3       82%         1
 Slow                     Hex            0%         N/A       82%         1
 Lesser Beckoning         Tloc           0%         N/A       91%         2
 Momentum Strike          Conj/Tloc      0%         3d8       91%         2
 Searing Ray              Conj           0%         2d4       91%         2
 Confusing Touch          Hex            0%         N/A       99%         3
 Vampiric Draining        Necr           0%         2d6       99%         3
 Fulminant Prism          Conj/Hex       0%         3d5       100%        4


Dungeon Overview and Level Annotations

Branches:
Dungeon (4/15)
 Temple: D:4-7

Altars:
Elyvilon
Sif Muna

Shops:
D:2 (


Message History

Throw: 18 darts (poison)
Press: ? - help, Q - select action Shift-Dir - straight line, f/p - orc warrior
Aim: an orc warrior, wielding a +0 glaive and wearing a +0 chain mail (poisoned, 55% to hit)
You throw a poisoned dart.
The poisoned dart closely misses the orc warrior.
The orc warrior drinks a potion.
The orc warrior seems to speed up.
Throw: 17 darts (poison)
Press: ? - help, Q - select action Shift-Dir - straight line, f/p - orc warrior
Aim: an orc warrior, wielding a +0 glaive and wearing a +0 chain mail (fast, poisoned, 55% to hit)
You throw a poisoned dart.
The poisoned dart barely misses the orc warrior.
Throw: 16 darts (poison)
Press: ? - help, Q - select action Shift-Dir - straight line, f/p - orc warrior
Aim: an orc warrior, wielding a +0 glaive and wearing a +0 chain mail (lightly wounded, fast, poisoned, 55% to hit)
You throw a poisoned dart.
The poisoned dart closely misses the orc warrior.
Throw: 15 darts (poison)
Press: ? - help, Q - select action Shift-Dir - straight line, f/p - orc warrior
Aim: an orc warrior, wielding a +0 glaive and wearing a +0 chain mail (lightly wounded, fast, poisoned, haloed, 74% to hit)
You throw a poisoned dart.
The poisoned dart barely misses the orc warrior.
The orc warrior hits you from afar with a +0 glaive!
The orc warrior closely misses you.
The orc warrior looks more healthy.
The orc warrior barely misses you.
The orc warrior hits you with a +0 glaive.
You slash the orc warrior!
The orc warrior is heavily wounded.
The orc warrior closely misses you.
You hit the orc warrior.
The orc warrior is heavily wounded.
The orc warrior hits you with a +0 glaive!
You barely miss the orc warrior.
The orc warrior is heavily wounded.
The orc warrior hits you with a +0 glaive! x2
* * * LOW HITPOINT WARNING * * *
You are confused.
You feel invigorated. The orc warrior closely misses you.
You bump into the rock wall.
The orc warrior closely misses you.
The orc warrior hits you with a +0 glaive!
You die...

######
#.@..#
#o#.##
#.#.# #.#.#
#.#.# #.#.#
#.#.#
#.#####(#.#
#......(#.#


You could see an orc warrior (fast).

Vanquished Creatures
  A centaur (D:4)
  A hound (D:2)
  An iguana (D:3)
  4 adders
  4 worms
  2 dart slugs
  An orc (D:3)
  5 ball pythons
  7 endoplasms
  3 giant cockroaches
  4 goblins
  5 hobgoblins
  4 kobolds
  A quokka (D:1)
  4 bats
  A frilled lizard (D:2)
  4 rats
52 creatures vanquished.

Notes
Turn   | Place    | Note
-------+----------+-------------------------------------------
     0 | D:1      | Okkudo the Hill Orc Monk began the quest for the Orb.
     0 | D:1      | Reached XP level 1. HP: 19/19 MP: 1/1
   176 | D:1      | Reached XP level 2. HP: 27/27 MP: 2/2
   674 | D:2      | Found Xeonn's Antique Weapon Emporium.
   759 | D:2      | Reached skill level 5 in Axes
   759 | D:2      | Reached XP level 3. HP: 33/33 MP: 3/3
  1473 | D:2      | Reached XP level 4. HP: 40/40 MP: 4/4
  1681 | D:3      | Found a shimmering blue altar of Sif Muna.
  1737 | D:2      | Reached skill level 6 in Axes
  1820 | D:3      | Found a white marble altar of Elyvilon.
  1925 | D:3      | Reached XP level 5. HP: 46/46 MP: 5/5
  2052 | D:3      | Learned a level 2 spell: Blink
  2226 | D:4      | Noticed a centaur
  2247 | D:4      | Killed a centaur
  2248 | D:4      | Reached skill level 7 in Axes
  2248 | D:4      | Reached skill level 1 in Shields
  2324 | D:4      | Noticed an orc warrior
  2359 | D:3      | Reached XP level 6. HP: 20/52 MP: 6/6
  2699 | D:4      | Slain by an orc warrior

Illustrated notes

Levels and vault maps discovered:
D:1:      ldierk_walled_garden_2, layout_basic
D:2:      layout_loops_ring, serial_shops, nicolae_shop_just_a_little_nook,
          hangedman_abyss_or_decor_lesser_grid, nrook_loot_triangle,
          st_stairs_12
D:3:      layout_rooms, amcnicky_altar_gilded, nicolae_sif_muna_condensation
D:4:      layout_basic, minmay_temple_entry_statues_pillars,
          minmay_manual_monstrance

Skill      XL: |  1  2  3  4  5 |
---------------+----------------+-----
Fighting       | 4 |  4.0
Axes           | 5 6 7 |  7.7
Shields        | 1 |  1.7
Dodging        | |  2.6

Action                     |  1- 3 |  4- 6 || total
---------------------------+-------+-------++-------
  Melee: Hand axe          |    99 |   103 ||   202
  Throw: Dart              |       |     5 ||     5
    Use: Potion            |       |     2 ||     2
 Armour: Robe              |     1 |       ||     1
         Leather armour    |     4 |       ||     4
         Scale mail        |    12 |    59 ||    71
  Dodge: Dodged            |    47 |    73 ||   120
